 Dungeon Crawl Stone Soup version 0.28.0-43-g3370ac3207 (webtiles) character file.

Game seed: 7602363444297364658

16 suse60 the Magician (level 2, -8/21 HPs)
             Began as a Djinni Hedge Wizard on Mar 21, 2022.
             Mangled by Terence
             ... wielding a +0 flail
              (10 damage)
             ... on level 2 of the Dungeon.
             The game lasted 00:09:13 (1537 turns).

suse60 the Magician (Djinni Hedge Wizard)           Turns: 1537, Time: 00:09:14

Health: -8/21      AC:  0    Str:  9    XL:     2   Next: 70%
Gold:   42         EV: 12    Int: 15    God:
                   SH:  0    Dex: 12

rFire   + + .      SeeInvis .   a - +0 dagger
rCold   x . .      Faith    .   (no shield)
rNeg    . . .      Spirit   .   (no armour)
rPois   ∞          Reflect  .   c - +0 hat
rElec   .          Harm     .   (no cloak)
rCorr   .          Rampage  .   (no gloves)
Will    .....                   (boots unavailable)
Stlth   ++........              (no amulet)
HPRegen 0.07/turn               (no ring)
MPRegen 0.00/turn               (no ring)

@: flying
A: sickness immunity, fire resistance 2, cold vulnerability 1, float, innate
caster, HP casting, extra vitality 1
a: no special abilities


You were on level 2 of the Dungeon.
You visited 1 branch of the dungeon, and saw 2 of its levels.

You collected 42 gold pieces.

Inventory:

Hand Weapons
 a - a +0 dagger (weapon)
Armour
 b - a +0 robe
 c - a +0 hat (worn)
Scrolls
 i - a scroll of enchant armour {unknown}
 j - a scroll of identify {unknown}
Potions
 e - a potion of might {unknown}
 g - a potion of curing {unknown}


   Skills:
 + Level 0.3 Fighting
 + Level 2.6 Dodging
 - Level 1.8 Stealth
 + Level 2.6 Spellcasting


You couldn't memorise any spells.
You knew the following spells:

 Your Spells              Type           Power      Damage    Failure   Level
a - Magic Dart            Conj           36%        1d4       7%          1
b - Blink                 Tloc           18%        N/A       11%         2
c - Call Imp              Summ           9%         N/A       11%         2
d - Slow                  Hex            36%        N/A       7%          1
e - Conjure Flame         Conj/Fire      9%         6-21      22%         3
f - Mephitic Cloud        Conj/Pois/Air  9%         N/A       22%         3
Your spell library was empty.

Dungeon Overview and Level Annotations

Branches:
Dungeon (2/15)

Altars:
Nemelex Xobeh

Annotations:
D:2 Natasha, Terence


Innate Abilities, Weirdness & Mutations

You are immune to sickness and miasma.
You are immune to poison.
Your flesh is very heat resistant. (rF++)
You are vulnerable to cold. (rC-)
You float through the air rather than walking.
You learn spells naturally, not from books.
Your magical power is your life essence.
You have superior vitality. (+4 MHP)


Message History

HP restored.
Sorry, you're not good enough to have a special ability.
Okay, then.
Casting: Magic Dart (safe; 7% risk of failure)
Confirm with . or Enter, or press ? or * to list all spells.
Okay, then.
You see here a +0 ring mail of willpower.
You see here a +0 leather armour.
There is a stone staircase leading down here.
You fly downwards.
Level annotation: Terence
There is a stone staircase leading up here.
Casting: Magic Dart (safe; 7% risk of failure)
Confirm with . or Enter, or press ? or * to list all spells.
A beastly little devil appears in a puff of flame.
Aiming: Magic Dart (safe; 7% risk of failure)
Press: ? - help, Q - select action, (/) - cycle Shift-Dir - straight line, f - Terence
Aim: Terence, wielding a +0 flail and wearing a +0 scale mail (ally target, 100% to hit)
The magic dart hits Terence but does no damage.
Terence closely misses you.
Your crimson imp closely misses Terence.
Aiming: Magic Dart (safe; 7% risk of failure)
Press: ? - help, Q - select action, (/) - cycle Shift-Dir - straight line, f/p - Terence
Aim: Terence, wielding a +0 flail and wearing a +0 scale mail (ally target, 100% to hit)
The magic dart hits Terence but does no damage.
Terence hits you with a +0 flail.
Your crimson imp barely misses Terence.
Natasha, Servant of Life and Death comes into view.
Aiming: Magic Dart (safe; 7% risk of failure)
Press: ? - help, Q - select action, (/) - cycle Shift-Dir - straight line, f/p - Terence
Aim: Terence, wielding a +0 flail and wearing a +0 scale mail (ally target, 100% to hit)
The magic dart hits Terence but does no damage.
Terence hits you with a +0 flail.
Your crimson imp blinks!
You hit Terence.
Terence is lightly wounded.
Natasha casts a spell at you. The magic dart hits you.
* * * LOW HITPOINT WARNING * * *
Terence hits you with a +0 flail!
You die...

,,,,,,,,,,* *,**,**,*
,,,,,,,,,,* ##*,*.#,*******
,,,*,*,,,,* #.,,...,,,,,,,*
,,,*,**,*.###.###h######*,**
,,,*,**,,#......#.....5#.,,**
,,,*,**,**#.[<..#........,,,**
,,,*,,,** #........._....,,,,*
,,,**,*,*##.....#........,,,**
**,**,**,#......@........,,,*
*,*,,,**.....#.#@..#...*,*,*
*,,,,,,,.#####.#§.####****,*
***,,,***............# *,*
**,** *.####.....#.# *,* *,*
*,* #..<..<#.# *,* *,* *,*
#......#.## *,* *,* *,*
#.....#...####.* *,* *,*
#..##..........*


You could see Terence (ally target), Natasha and a friendly crimson imp
(summoned).

Vanquished Creatures
  2 dart slugs (D:1)
  A bat (D:1)
  A goblin (D:1)
  A hobgoblin (D:1)
  2 quokkas (D:1)
  2 ball pythons
  A frilled lizard (D:1)
  A kobold (D:1)
  A rat (D:1)
12 creatures vanquished.

Notes
Turn   | Place    | Note
-------+----------+-------------------------------------------
     0 | D:1      | suse60 the Djinni Hedge Wizard began the quest for the Orb.
     0 | D:1      | Reached XP level 1. HP: 15/15 MP: 0/0
   300 | D:1      | Reached XP level 2. HP: 18/21 MP: 0/0
   826 | D:1      | Found a faded altar of an unknown god.
  1190 | D:2      | Found a sparkling altar of Nemelex Xobeh.
  1192 | D:2      | Noticed Terence
  1534 | D:2      | Noticed Natasha
  1537 | D:2      | Mangled by Terence

Illustrated notes

Levels and vault maps discovered:
D:1:      dpeg_arrival_stonehenge_8_columns, layout_loops_cross,
          hellmonk_ecumenical_altar_heavens_door, hangedman_decor_riveting
D:2:      layout_loops_ring, basic_altar, serial_shops, nicolae_shop_stone,
          minmay_pentomino_p2, uniq_terence, uniq_robin, uniq_natasha

Action                   || total
-------------------------++-------
Melee: Dagger            ||    27
 Cast: Magic Dart        ||    28
       Call Imp          ||     1
  Use: Scroll            ||     2
Armor: Ring mail         ||     7
       Robe              ||     1
Dodge: Dodged            ||    17
